cohdb
Replays
Latest Replays
All Replays
Popular Replays
Top Player Replays
Match Explorer
How It Works
Community
CoH3 Stats
Reddit
Sign in to upload your games and track your stats! →
Sign in with Steam
Match 33606710
Unlisted
Match 33606710
Overview
Messages
Build Orders
End
Engineer Squad
Selects Armored Battlegroup
Selects Assault Engineers
Construct Weapon Support Center
Assault Engineer Squad
Bazooka Squad
.30 cal Machine Gun
Mechanized Support Center
Selects M31 Recovery Vehicle
M31 Recovery Vehicle
Mortar Pit
M3 Armored Personnel Carrier
.30 cal Machine Gun
Assault Engineer Squad
Forward Retreat Point
Mortar Pit
Construct Tank Depot
Bazooka Squad
Selects War Machine
M4A1 Sherman Medium Tank
M4A1 Sherman Medium Tank
Improvised Armor
Rearm and Retrofit
M4A1 76mm Conversion
Designate Forward Repair Station
Selects Strength in Steel
M4(105) Sherman Bulldozer
Kameho
Serjio Dragonis
★ BLACK HAWK ★
BAOBAB
UH|ck
UH|XTC
insane
iceman
0
0
Comments
sign in to comment!
No comments posted yet!